 Dungeon Crawl Stone Soup version 0.19.0-19-g8c6edcc (webtiles) character file.

2586 AAAAA the Thaumaturge (level 9, -4/54 HPs)
             Began as an Octopode Warper on Nov 15, 2016.
             Was a Follower of Vehumet.
             Shot with an arrow by a centaur (14 damage)
             ... on level 7 of the Dungeon.
             The game lasted 00:21:09 (11495 turns).

AAAAA the Thaumaturge (Octopode Warper)            Turns: 11495, Time: 00:21:09

Health: -4/54      AC:  1    Str: 11    XL:     9   Next: 58%
Magic:  21/21      EV: 19    Int: 23    God:    Vehumet [*.....]
Gold:   118        SH:  0    Dex: 16    Spells: 3 memorised, 24 levels left

rFire  + . .     SeeInvis .     w - +0 dagger (elec)
rCold  . . .     Gourm    .     (no shield)
rNeg   . . .     Faith    .     (helmet restricted)
rPois  .         Spirit   .     (no amulet)
rElec  .         Reflect  .     i - ring of protection from fire
rCorr  .         Harm     .     H - ring of flight
MR     +....                    l - +5 ring of intelligence
Stlth  +++.......               (no ring)
                                (no ring)
                                (no ring)
                                (no ring)
                                (no ring)

@: agile, very slightly contaminated
A: almost no armour, stealthy swim, amphibious, 8 rings, constrict 8, camouflage
1, low mp 1, magic resistance 1, gelatinous body 1
a: Renounce Religion, Evoke Flight


You were on level 7 of the Dungeon.
You worshipped Vehumet.
Vehumet was aware of your devotion.
You were hungry.

You visited 2 branches of the dungeon, and saw 9 of its levels.
You also visited: Sewer.

You collected 520 gold pieces.
You spent 402 gold pieces at shops.

Inventory:

Hand Weapons
 a - a +0 falchion
 h - a +0 rapier
 p - a +0 dagger of venom
 t - a +0 blowgun
 w - a +0 dagger of electrocution (weapon)
 D - a +1 halberd of freezing
Missiles
 g - 153 stones (quivered)
 k - 35 poisoned needles
 v - 4 curare-tipped needles
 L - 3 needles of confusion
 M - 10 tomahawks
Armour
 O - a +0 buckler
Jewellery
 i - a ring of protection from fire (left tentacle)
 l - a +5 ring of intelligence (on tentacle)
 H - a ring of flight (right tentacle)
 N - an uncursed ring of protection from magic {unknown}
Wands
 u - a wand of teleportation (4/9)
 z - a wand of confusion (13/48)
Scrolls
 e - 6 scrolls of remove curse
 j - 4 scrolls of recharging
 m - 8 scrolls of teleportation
 o - 3 scrolls of immolation {unknown}
 q - a scroll of noise {unknown}
 r - a scroll of amnesia
 y - a scroll of enchant armour {unknown}
 B - a scroll of random uselessness {unknown}
 C - a scroll of fear {unknown}
 E - 3 scrolls of fog
 F - a scroll of magic mapping {unknown}
 G - a scroll of identify
 I - a scroll of summoning
Potions
 n - 2 potions of berserk rage
 K - a potion of agility
Books
 b - a book of Spatial Translocations

   Spells                             Type                      Level
   a - Blink                          Translocation                2
   b - Shroud of Golubria             Charms/Translocation         2
   c - Lesser Beckoning               Translocation                3
   d - Portal Projectile              Translocation                3
   e - Teleport Other                 Translocation                3
   f - Passage of Golubria            Translocation                4
Comestibles
 d - 3 fruits
 f - 4 bread rations
 A - 2 meat rations
 J - a beef jerky


   Skills:
 - Level 2.0 Fighting
 - Level 2.0 Long Blades
 - Level 1.0 Throwing
 - Level 2.3 Dodging
 + Level 11.2 Spellcasting
 + Level 3.3 Conjurations
 - Level 3.0 Translocations


You had 24 spell levels left.
You knew the following spells:

 Your Spells              Type           Power        Failure   Level  Hunger
a - Sting                 Conj/Pois      ###.         2%          1    None
b - Teleport Other        Tloc           ####....     6%          3    None
c - Blink                 Tloc           N/A          2%          2    None


Dungeon Overview and Level Annotations

Branches:
Dungeon (8/15)             Temple (1/1) D:6
   Lair: D:8-11

Altars:
Ashenzari
Cheibriados
Dithmenos
Elyvilon
Fedhas
Gozag
Hepliaklqana
Kikubaaqudgha
Makhleb
Nemelex Xobeh
Okawaru
Qazlal
Ru
Sif Muna
Trog
Uskayaw
Vehumet
Xom
Yredelemnul
Zin
The Shining One

Shops:
D:8 *


Innate Abilities, Weirdness & Mutations

You cannot wear most types of armour.
You are very stealthy in the water. (Stealth+)
You are amphibious.
You can wear up to eight rings at the same time.
You can use your tentacles to constrict eight enemies at once.
Your skin changes colour to match your surroundings (Stealth+).
Your rubbery body absorbs attacks. (AC +1, EV +1)
Your magical capacity is low. (-10% MP)
You are resistant to hostile enchantments. (MR+)


Message History

You feel much better. The centaur hits you. The wight misses you.
You feel agile all of a sudden. The centaur closely misses you.
The wight hits you from afar with an enchanted halberd!
* * * LOW HITPOINT WARNING * * *
The centaur hits you.
* * * LOW HITPOINT WARNING * * *
It was a potion of mutation.
You feel extremely strange.
You feel less energetic.
You feel resistant to hostile enchantments.
The centaur hits you.
* * * LOW HITPOINT WARNING * * *
The wight barely misses you.
Blink to where?
Press: ? - help, Dir - move target cursor You are very lightly contaminated with residual magic.
As you read the scroll of blinking, it crumbles to dust.
The centaur wields an uncursed shortbow.
The centaur shoots an arrow.
The arrow hits you!
You die...

.........##.#####.####.
#..........(c.(.....# ##
#.......###..########
#.......###.##
#.......#...#
#..._...#.####... #.
.......#.......# #.
#.....#..#####.. ###.###
#.##..@###... #......
#......#...# #......
#....##....# #......
#.### #.#### #......
......#.### #..##
###.....############.#.
........................
.....####....)(..>.......
####. #########........


You could see a centaur.

Vanquished Creatures
  Grinder (D:4)
  Sigmund (D:2)
  Duvessa (D:4)
  2 phantoms
  A black bear (D:6)
  An ogre (D:6)
  4 centaurs
  A big kobold (Sewer)
  Dowan (D:4)
  5 wights (D:6)
  2 howler monkeys
  A quasit (D:6)
  2 bullfrog zombies
  3 hounds
  2 orc priests
  Ijyb (D:2)
  3 iron imps (D:3)
  Jessica (D:2)
  An iguana (D:6)
  6 orc wizards
  2 worker ants
  3 hound zombies
  6 gnolls
  12 adders
  6 river rats (Sewer)
  A shadow imp (D:7)
  2 oozes
  An adder skeleton (D:4)
  2 worms
  3 leopard geckos
  16 orcs
  7 bats
  6 giant cockroaches
  15 goblins
  14 hobgoblins
  11 jackals
  20 kobolds
  3 quokkas
  8 ball pythons
  4 frilled lizards
  31 rats
213 creatures vanquished.

Notes
Turn   | Place    | Note
-------+----------+-------------------------------------------
     0 | D:1      | AAAAA the Octopode Warper began the quest for the Orb.
     0 | D:1      | Reached XP level 1. HP: 14/14 MP: 3/3
   136 | D:1      | Reached XP level 2. HP: 14/19 MP: 5/5
   140 | D:1      | Learned a level 2 spell: Blink
   363 | D:2      | Noticed Sigmund
   444 | D:2      | Noticed Jessica
   456 | D:2      | Killed Jessica
   456 | D:2      | Reached skill level 3 in Spellcasting
   456 | D:2      | Reached XP level 3. HP: 12/24 MP: 6/8
   752 | D:3      | Learned a level 3 spell: Teleport Other
   781 | D:3      | Reached XP level 4. HP: 11/29 MP: 9/9
  1058 | D:4      | Noticed Duvessa
  1104 | D:3      | Reached skill level 4 in Spellcasting
  1113 | D:4      | Found a glowing drain.
  1130 | Sewer    | Entered a sewer
  1277 | Sewer    | Noticed a big kobold
  1541 | Sewer    | Reached XP level 5. HP: 19/34 MP: 12/12
  1687 | Sewer    | Killed a big kobold
  1687 | Sewer    | Reached skill level 5 in Spellcasting
  1969 | Sewer    | Reached XP level 6. HP: 7/39 MP: 14/14
  2682 | D:4      | Noticed Dowan
  2770 | D:4      | Killed Dowan
  2770 | D:4      | Reached skill level 6 in Spellcasting
  2932 | D:4      | Noticed Grinder
  2940 | D:4      | Killed Grinder
  2940 | D:4      | Reached XP level 7. HP: 15/45 MP: 17/17
  3219 | D:4      | Reached skill level 7 in Spellcasting
  3252 | D:5      | Entered Level 5 of the Dungeon
  4251 | D:3      | Found a burning altar of Makhleb.
  4508 | D:4      | Killed Duvessa
  5048 | D:2      | Noticed Ijyb
  5082 | D:2      | Killed Ijyb
  5135 | D:2      | Killed Sigmund
  5135 | D:2      | Reached skill level 8 in Spellcasting
  5135 | D:2      | Reached XP level 8. HP: 42/50 MP: 20/20
  5483 | D:2      | Found a faded altar of an unknown god.
  6142 | D:4      | Reached skill level 9 in Spellcasting
  7054 | D:5      | Found an iron altar of Okawaru.
  7445 | D:5      | Found a shadowy altar of Dithmenos.
  7960 | D:6      | Found a blossoming altar of Fedhas.
  7979 | D:6      | Found a staircase to the Ecumenical Temple.
  7998 | Temple   | Entered the Ecumenical Temple
  8005 | Temple   | Became a worshipper of Vehumet
  8038 | D:6      | Reached skill level 10 in Spellcasting
  8050 | D:6      | Reached XP level 9. HP: 24/54 MP: 23/23
  9169 | D:1      | Reached * piety under Vehumet
  9169 | D:1      | Offered knowledge of Sting by Vehumet.
  9179 | D:1      | Learned a level 1 spell: Sting
  9560 | D:6      | Reached skill level 1 in Conjurations
 10216 | D:7      | Found a sparkling altar of Nemelex Xobeh.
 10442 | D:8      | Reached skill level 11 in Spellcasting
 10869 | D:8      | Found Poin's General Store.
 10879 | D:8      | Bought a potion of heal wounds for 65 gold pieces
 10879 | D:8      | Bought a scroll of fog for 26 gold pieces
 10879 | D:8      | Bought a scroll of recharging for 123 gold pieces
 10879 | D:8      | Bought a scroll of summoning for 123 gold pieces
 10879 | D:8      | Bought a potion of heal wounds for 65 gold pieces
 11486 | D:7      | HP: 2/54 [wight/wand of lightning (21)]
 11494 | D:7      | Gained mutation: Your magical capacity is low. (-10% MP) [potion of mutation]
 11494 | D:7      | Gained mutation: You are resistant to hostile enchantments. (MR+) [potion of mutation]
 11495 | D:7      | Shot with an arrow by a centaur

Skill      XL: |  1  2  3  4  5  6  7  8  9 |
---------------+----------------------------+-----
Spellcasting   | 3 4 5 6 8 10 11 | 11.2
Conjurations   | 3 |  3.3
Fighting       | |  2.0
Long Blades    | |  2.0
Throwing       | |  1.0
Dodging        | |  2.3
Translocations | |  3.0

Action                   |  1- 3 |  4- 6 |  7- 9 || total
-------------------------+-------+-------+-------++-------
Melee: Falchion          |    37 |   114 |   120 ||   271
       Constrict         |    12 |    37 |    88 ||   137
       Tentacles         |     5 |    25 |    73 ||   103
       Dagger            |       |       |   284 ||   284
 Fire: Blowgun           |       |     6 |    39 ||    45
Throw: Stone             |       |       |    10 ||    10
       Tomahawk          |       |       |     5 ||     5
 Cast: Blink             |       |       |    11 ||    11
       Sting             |       |       |    45 ||    45
  Use: Potion            |       |     2 |    15 ||    17
       Scroll            |       |       |     8 ||     8
 Stab: Sleeping          |     3 |     2 |     8 ||    13
  Eat: Chunk             |       |     5 |    22 ||    27
       Bread ration      |       |       |     1 ||     1
       Pizza             |       |       |     1 ||     1
Armor: Skin              |     3 |    12 |    29 ||    44
Dodge: Dodged            |    23 |   115 |   312 ||   450
       Rpst.: Falchion   |     6 |    29 |    27 ||    62
